[Event "*** Titled Tuesday Blitz"]
[Site "Chess.com"]
[Date "2020.03.03"]
[Round "1"]
[White "AndreyNeves"]
[Black "DenishevM"]
[Result "0-1"]
[WhiteElo "2170"]
[BlackElo "2600"]
[TimeControl "180+1"]
[EndTime "9:09:33 PST"]
[Termination "DenishevM won on time"]

1. d4 Nf6 2. c4 c5 3. d5 b5 4.
cxb5 a6 5. b6 d6 6. Nc3 g6 7. a4 a5 8. e4 Qxb6 9. Bb5+ Bd7 10.
Qe2 Bg7 11. Nf3 O-O 12. O-O Bg4 13. h3 Bxf3 14. Qxf3 Na6 15. Bf4 Nb4 16. Rac1 Rad8 17. Rfd1 Nd7 18. Qe2 h6 19. Qd2 Kh7 20. Bxd7 Rxd7 21.
Nb5 Rdd8 22. Rc3 Bxc3 23. bxc3 Na6 24. Bxh6 Rh8 25. Bg5 f6 26. Be3 Kg7 27. f4 Nc7 28.
c4 Nxb5 29. axb5 a4 30. Qc3 Ra8 31. Ra1 Qc7 32. Ra3 Qb7 33. Bd2 Qd7 34. Qa1 Qa7 35. Bc3 Kf7 36. e5 dxe5 37. fxe5 Rh4 38. exf6 Rxc4 39.
fxe7 Qxe7 40. Qf1+ Kg8 41. Qxc4 Qe3+ 42. Kh2 Rf8 43. d6+ Kh7 44. Qh4+ Kg8 45. Qh8+ Kf7 46. Qg7+ Ke8 47. Qxg6+ Kd7 48. Qg7+ Ke8 49. Qg6+ Kd7 50. Bf6 Qxa3 51. Qg7+ Kxd6 52. Qe7+ Kd5 53. Qxf8 Qb4 54. Qf7+ Ke4 55. Qg6+ Kd5 56. Qf5+ Kc4 57. Qe4+ Kxb5 58. Qb7+ Kc4 59. Qf7+ Kb5 60. Qe8+ Kc4 61. Qe2+ Kb3 62. Qd3+ Ka2 63. Qc2+ Ka3 64. Qc1+ Kb3 65. Qb1+ Kc4 66. Qe4+ Kb3 67. Qb7 Qxb7 0-1

[Event "*** Titled Tuesday Blitz"]
[Site "Chess.com"]
[Date "2020.03.03"]
[Round "1"]
[White "Vegan4future"]
[Black "Micki-taryan"]
[Result "1/2-1/2"]
[WhiteElo "2547"]
[BlackElo "3002"]
[TimeControl "180+1"]
[EndTime "9:09:35 PST"]
[Termination "Game drawn by agreement"]

1. e4 e5 2. Nf3 Nc6 3. Bb5 Nf6 4. d3 d6 5. O-O Bd7 6. Re1 a6 7. Ba4 b5 8. Bb3 Na5 9. d4 Nxb3 10. axb3 exd4 11. e5 dxe5 12. Qxd4 Bd6 13. Nxe5 O-O 14. Bg5 h6 15. Bh4 Bf5 16. c3 Re8 17. Nd2 Bxe5 18. Rxe5 Rxe5 19. Qxe5 Qxd2 20. Bxf6 Bd7 21. Qg3 g6 22. c4 Qd6 23. Be5 Qe6 24. Qf4 g5 25.
Qg3 Re8 26. Bc3 c5 27. h4 b4 28. Bd2 f6 29. hxg5 hxg5 30. Re1 Qc6 31. Rxe8+ Bxe8 32. Qe3 Bg6 33. Qe7 Be4 34. Be3 Bxg2 35. Qxc5 Qf3 36.
Qc8+ Kg7 37. Qd7+ Kh6 38. Qd8 Bh3 39. Qh8+ Kg6 40. Qg8+ Kh5 41. Qh7+ Kg4 42. Qd7+ Kh5 43. Qh7+ Kg4 44. Qd7+ f5 45. Qd4+ Kh5 46. Qh8+ Kg4 47. Qd4+ f4 48. Qd7+ Kh4 49. Qh7+ Kg4 50. Qd7+ Kh4 51.
Qh7+ Qh5 52. Qxh5+ Kxh5 53. Bc5 Bg4 54. Bxb4 Bd1 55.
Be7 Bxb3 56. c5 Bd5 57. Bd8 Kg6 58. Be7 Kf5 59. Bd8 g4 60. Bc7 Ke4 61. Bd6 Bc6 62.
Bc7 Kf3 63. Bd6 a5 64. Bc7 a4 65. Bd6 Ke4 66. Bc7 Bd5 67. Bd6 Bc6 68. Bc7 Kf3 69. Bd6 g3 70. fxg3 fxg3 71. Bc7 g2 72. Be5 Ke4 73. Bh8 Kd5 74. Bg7 Kxc5 75. Bh8 Kc4 76. Bg7 Kd3 77. Bf8 Ke2 78. Bg7 Kf3 79. Bh8 Kg3 80.
Bg7 Kh3 81. Bh8 Kg4 82. Bg7 Kf5 83. Bh8 Kg6 84. Bc3 Kf7 85. Bb4 Kg8 86. Bc3 Kf7 87. Bd4 Ke6 88. Bc3 Kd5 89. Bh8 Kc4 90. Bg7 Kb3 91. Bh8 Kc2 92. Bg7 Kd3 93. Bh8 Ke4 94.
Kxg2 Kf5+ 95. Kf2 Ke4 96. Ke1 a3 97. bxa3 Kd3 98. Kd1 Kc4 99. Kc1 Kb3 100. Bg7 1/2-1/2

[Event "*** Titled Tuesday Blitz"]
[Site "Chess.com"]
[Date "2020.03.03"]
[Round "1"]
[White "NTBT_DHS"]
[Black "Zarikovs1999"]
[Result "0-1"]
[WhiteElo "2702"]
[BlackElo "2371"]
[TimeControl "180+1"]
[EndTime "9:09:37 PST"]
[Termination "Zarikovs1999 won by resignation"]

1. d4 Nf6 2. c4 c5 3. d5 b5 4. cxb5 a6 5. bxa6 g6 6. Nc3 Bg7 7. Nf3 O-O 8. g3 d6 9. Bg2 Bxa6 10. O-O Nbd7 11. Rb1 Qa5 12. Bd2 Rfb8 13. Qc2 Ne8 14. b3 Qb6 15. Rfe1 Nc7 16. a4 Bxc3 17. Bxc3 Nxd5 18.
Ba1 N7f6 19. Ng5 Nb4 20. Qc3 Bb7 21. e4 h6 22. Nh3 e5 23. Rbd1 Rd8 24. f4 Nc6 25. fxe5 dxe5 26. Nf2 Nd4 27. Rd3 Ba6 28.
Rde3 Rab8 29. h3 Re8 30. Kh2 Qxb3 31. Qxc5 Qxa4 32. Qd6 Qc6 33. Qxc6 Nxc6 34. Nd3 Rb3 35. Nc5 Rxe3 36. Rxe3 Bc4 37. Rc3 Bb5 38. Nb7 Nd4 39.
Nd6 Rb8 40. Rc5 Be2 41. Rxe5 Nf3+ 42. Bxf3 Bxf3 43. Nb5 Nxe4 44. Bd4 Nd2 45. g4 Bc6 46. Na7 Nf3+ 47. Kg3 Nxe5 48. Bxe5 Rb3+ 49. Kf2 Bb7 50. h4 Rf3+ 51. Ke2 Rh3 52. g5 Rxh4 53. gxh6 Rxh6 54. Ke3 Rh5 55. Bd4 Rh3+ 56. Kf4 Rh4+ 57. Ke3 Re4+ 58.
Kd3 Re7 59. Kc3 Be4 60. Nb5 Bc6 61. Nd6 Bd5 62. Bc5 Rc7 63. Kd4 Be6 64. Nb5 Rd7+ 65. Nd6 Kg7 66. Ke5 Rd8 67. Bd4 Ra8 68. Ke4+ Kh6 69. Bf6 Ra5 70. Kf4 Ra4+ 71. Ke5 g5 72. Ne4 g4 73. Bg5+ Kg6 74. Bf4 Bf5 75. Nd6 Ra5+ 76. Kd4 Ra6 77. Nc4 Be6 78. Ne5+ Kf5 79. Bg3 Ra4+ 80. Ke3 Re4+ 81. Kf2 Rxe5 0-1

[Event "*** Titled Tuesday Blitz"]
[Site "Chess.com"]
[Date "2020.03.03"]
[Round "1"]
[White "Andrew-FB00"]
[Black "M1711"]
[Result "1-0"]
[WhiteElo "1871"]
[BlackElo "2539"]
[TimeControl "180+1"]
[EndTime "9:09:37 PST"]
[Termination "Andrew-FB00 won by checkmate"]

1. e4 c5 2. Nf3 e6 3. Nc3 Nc6 4. Bb5 Nge7 5. O-O a6 6. Bxc6 Nxc6 7. d4 cxd4 8. Nxd4 d6 9. Be3 Be7 10. f4 O-O 11. f5 Ne5 12. b3 Bg5 13. Bxg5 Qxg5 14. Qc1 Qxc1 15. Raxc1 Bd7 16. Nce2 Rac8 17. c4 Nd3 18. Rcd1 Nc5 19. Ng3 a5 20. fxe6 fxe6 21. Rxf8+ Rxf8 22. Nde2 Ra8 23. Rxd6 Kf8 24. Nc3 Ke7 25. Rd2 Bc6 26. Kf2 g6 27. Ke3 b6 28.
Nge2 Bd7 29. Nd4 a4 30. bxa4 Nxa4 31. Nxa4 Rxa4 32. Rc2 Kd6 33. Nb3 Kc6 34. c5 e5 35.
h3 h5 36. cxb6+ Kxb6 37. Rb2 Ka7 38. Nd2 Bc6 39. g4 hxg4 40. hxg4 g5 41. Rc2 Kb7 42.
Rb2+ Kc7 43. Rc2 Ra3+ 44. Kf2 Kd7 45. Nc4 Rh3 46. Nxe5+ Ke6 47. Nxc6 Rh2+ 48. Ke3 Rxc2 49. Nd4+ Kd6 50. Nxc2 Ke5 51. a4 Kd6 52. Kd4 Kc6 53. e5 Kb6 54. e6 Ka6 55. e7 Kb7 56. e8=Q Ka7 57. Qd7+ Kb6 58. Qb5+ Ka7 59. Qa5+ Kb7 60. Ke5 Kc8 61. Kf5 Kb7 62. Kxg5 Kc8 63. Kf6 Kb7 64. g5 Kc8 65. g6 Kb7 66. g7 Kc6 67. Qb5+ Kd6 68. Ne1 Kc7 69. g8=Q Kd6 70. Qe6+ Kc7 71.
Qed7# 1-0

[Event "*** Titled Tuesday Blitz"]
[Site "Chess.com"]
[Date "2020.03.03"]
[Round "1"]
[White "farzadbfd"]
[Black "Olga_Zhuravleva"]
[Result "1-0"]
[WhiteElo "2626"]
[BlackElo "2229"]
[TimeControl "180+1"]
[EndTime "9:09:45 PST"]
[Termination "farzadbfd won by resignation"]

1. e4 e5 2. Nf3 Nc6 3. Bc4 Nf6 4. d3 d5 5. exd5 Nxd5 6. O-O Bc5 7. Re1 O-O 8. Nbd2 Re8 9. c3 Nb6 10. Bb3 Qxd3 11. Ng5 Be6 12. Nxe6 fxe6 13. Qg4 Qg6 14. Qxg6 hxg6 15. Ne4 Bd6 16. Re3 Nd5 17. Rg3 Nce7 18.
Bd2 Rf8 19. Rc1 b6 20. h3 Rad8 21. Ng5 Rf6 22. Rd3 c5 23. Rd1 Bc7 24. Ne4 Rff8 25. Bg5 Kf7 26. c4 Nb4 27. Rd7 Rxd7 28. Rxd7 Bd8 29.
Nd6+ Kg8 30. Ba4 Nec6 31. Be3 Nd4 32. a3 Nd3 33. b3 Nf4 34. Nb7 Bf6 35. Kh2 Nh5 36.
g3 e4 37. Nd6 Be5 38. Nxe4 Nxg3 39. Nxg3 Rf3 40. Kg2 Rf8 41. Ne4 Nf5 42. Ng5 Nh4+ 43. Kf1 Bf6 44. Nxe6 Re8 45. Nf4 Bg5 46. Nd5 Bxe3 47.
Nxe3 Nf3 48. Rxg7+ Kxg7 49. Bxe8 Nd4 50. Kg2 Nxb3 51.
Bc6 Nd4 52. Bd5 Nf5 53. a4 Nd6 54. Kg3 a6 55. Kg4 b5 56. cxb5 axb5 57. axb5 Nxb5 58. h4 Nd4 59. Bc4 Kf6 60. Kf4 Nc6 61. Nd5+ Kg7 62.
Kg5 Nd4 63. Nf4 Nf3+ 64. Kg4 Ne5+ 65. Kg5 Nf3+ 66. Kg4 Ne5+ 67. Kg3 Nxc4 68. Ne6+ Kf6 69. Nxc5 Ne5 70. Ne4+ Kf5 71. Ng5 Nd3 72. Nf3 Nc5 73.
Nd4+ Kf6 74. Ne2 Ne4+ 75. Kf3 Nd6 76. Kg4 Nf5 77. Nf4 Nh6+ 78. Kg3 Nf5+ 79. Kh3 Nh6 80. Ng2 Nf5 81. Ne3 Nh6 82. Ng4+ Nxg4 83. Kxg4 Ke5 84. Kg5 Ke4 85. Kxg6 Kf3 86. h5 Kxf2 87. h6 1-0

[Event "*** Titled Tuesday Blitz"]
[Site "Chess.com"]
[Date "2020.03.03"]
[Round "1"]
[White "Korona_91"]
[Black "Abdimalik_Abdisalimov"]
[Result "0-1"]
[WhiteElo "2436"]
[BlackElo "2801"]
[TimeControl "180+1"]
[EndTime "9:09:49 PST"]
[Termination "Abdimalik_Abdisalimov won by resignation"]

1. e4 c5 2. Nf3 d6 3. Bb5+ Nd7 4.
a4 a6 5. Bc4 Ngf6 6. Nc3 g6 7.
a5 Bg7 8. Bxf7+ Kxf7 9. Ng5+ Kg8 10. Ne6 Qe8 11. Nc7 Qd8 12. Nxa8 h6 13. d4 cxd4 14.
Qxd4 Kh7 15. Nb6 Nc5 16. Qc4 Be6 17. Nbd5 Ng4 18. f4 Rf8 19. O-O Qc8 20. h3 Nf6 21.
Nxf6+ Bxf6 22. Nd5 Bg7 23. c3 Qc6 24. Be3 Nxe4 25.
Qxc6 bxc6 26. Nb4 c5 27. Nxa6 Bc4 28. Nc7 Rc8 29. a6 Rxc7 30. a7 Bd5 31. a8=Q Bxa8 32. Rxa8 Rb7 33. Ra2 Bf6 34. g4 Kg7 35. Re1 Kf7 36.
f5 gxf5 37. gxf5 Ng3 38. Bxh6 Nxf5 39. Bf4 Rb8 40. Re2 Rg8+ 41. Rg2 Rh8 42. Kh2 Nh4 43. Rf2 Nf5 44. Ra7 Kg6 45. Rg2+ Kf7 46. Rb7 Rh4 47. Rf2 Rxf4 48. Rxf4 Be5 49. Kg2 Bxf4 50. Kf3 Be5 51.
Ke4 Ke6 52. b4 Bxc3 53. bxc5 dxc5 54. Kd3 Bd4 55. Rb8 Kd5 56. Rd8+ Nd6 57. h4 c4+ 58. Kc2 Ke6 59. h5 Bg7 60. Ra8 Kf7 61. Ra7 Bf6 62. Ra1 Kg7 63. Rh1 Kh6 64. Rh3 Nf5 65. Rh1 c3 66.
Kd3 Ng3 67. Rh3 Nxh5 68. Rh2 Kg5 69. Ke4 Ng3+ 70. Kd5 Nf5 71. Ke4 Nd6+ 72. Kd5 Kf4 73. Re2 Kf3 74. Rh2 Nf5 75. Kc4 Ke4 76. Re2+ Ne3+ 77.
Kb3 Kd3 78. Rh2 c2 79. Rh1 Kd2 80. Ka2 c1=Q 81. Rh2+ Kd3 82. Kb3 Qc5 83. Ka2 Qa5+ 0-1

[Event "*** Titled Tuesday Blitz"]
[Site "Chess.com"]
[Date "2020.03.03"]
[Round "1"]
[White "Dino_Ballecer"]
[Black "chris_rock_comic"]
[Result "0-1"]
[WhiteElo "2506"]
[BlackElo "2881"]
[TimeControl "180+1"]
[EndTime "9:10:03 PST"]
[Termination "chris_rock_comic won on time"]

1. e4 c5 2. Nf3 Nc6 3. d4 cxd4 4. Nxd4 Nf6 5. Nc3 d6 6. f4 Bg4 7. Be2 Bxe2 8. Kxe2 Qc8 9. h3 a6 10. Re1 e6 11. Kf1 Be7 12. Be3 b5 13. a3 O-O 14.
Qd3 Na5 15. Rad1 Qb7 16. Kg1 Rfd8 17. Bf2 Nc4 18. Rb1 Rac8 19. Nf3 Nd7 20. Bh4 Bxh4 21. Nxh4 Qb6+ 22. Kh2 Qf2 23. Nf3 Nc5 24. Qd1 Ne3 25.
Qe2 Qxe2 26. Rxe2 Nc4 27. Nd1 d5 28. exd5 Rxd5 29. Ne3 Nxe3 30. Rxe3 Na4 31. c3 Nb6 32. Re2 Nc4 33. Rbe1 g6 34. Nd4 h5 35. g4 hxg4 36. hxg4 a5 37. Kg3 b4 38. axb4 axb4 39.
f5 bxc3 40. bxc3 Nd6 41. Re3 gxf5 42. gxf5 Nxf5+ 43. Nxf5 Rxf5 44. Rd1 Kg7 45. Rdd3 Kf6 46. Rf3 Rxf3+ 47. Kxf3 Ke7 48. Ke4 Rc4+ 49. Ke3 f5 50. Kd2 e5 51. Rh3 Ke6 52. Rh8 Rc7 53. Kd3 Rd7+ 54.
Ke3 Kd5 55. Re8 Rc7 56. Rd8+ Ke6 57. Re8+ Re7 58. Rc8 Kf6 59. Rc6+ Kg5 60. Rc8 Rh7 61. Rg8+ Kf6 62. Rf8+ Ke6 63. Re8+ Kd5 64. Rd8+ Kc4 65. Rc8+ Kb3 66. Rc5 Re7 67. Kd3 Kb2 68. Kd2 Rd7+ 69. Ke3 f4+ 70. Ke4 Re7 71. Rc6 Kc2 72. Rc5 Kd2 73.
c4 Ke2 74. Rxe5 Rxe5+ 75. Kxe5 f3 76. c5 f2 77. c6 f1=Q 78. c7 Qh3 79. Kd6 Qc8 80. Kc6 Kd3 0-1

[Event "*** Titled Tuesday Blitz"]
[Site "Chess.com"]
[Date "2020.03.03"]
[Round "1"]
[White "SanchezKelvin"]
[Black "AndrewMaco"]
[Result "1/2-1/2"]
[WhiteElo "2323"]
[BlackElo "2681"]
[TimeControl "180+1"]
[EndTime "9:10:16 PST"]
[Termination "Game drawn by agreement"]

1. d4 Nf6 2. c4 e6 3. Nf3 d5 4. Nc3 Bb4 5. Bg5 dxc4 6. e4 h6 7.
Bxf6 Qxf6 8. Bxc4 O-O 9. O-O c5 10. e5 Qd8 11. a3 Bxc3 12. bxc3 cxd4 13. cxd4 Nc6 14. Qd3 Ne7 15. Qe4 Re8 16. Bd3 Ng6 17. h4 Qd5 18. Qe3 Nf8 19. h5 Bd7 20. Be4 Qa5 21.
Bxb7 Rab8 22. Be4 Rec8 23. Rfc1 Ba4 24. Bd3 Bb3 25. g4 Bd5 26. g5 Bxf3 27. Qxf3 hxg5 28.
h6 gxh6 29. Qf6 Rxc1+ 30. Rxc1 Qd2 31. Rc7 Qf4 32. Qxf4 gxf4 33. Rxa7 Rd8 34. Ra4 Nd7 35. Be4 Nb6 36. Rb4 Nd5 37. Bxd5 Rxd5 38. Kg2 Kg7 39. Kf3 Rd8 40. Kxf4 Rc8 41. Rb2 Rc4 42. Ke4 Ra4 43.
Rb3 Kg6 44. Rg3+ Kh7 45. f4 h5 46. Rh3 Kg6 47. Rg3+ Kh6 48. f5 exf5+ 49. Kxf5 Rxd4 50. Rg2 Ra4 51. Ra2 h4 52. Kf6 Rf4+ 53. Ke7 h3 54. a4 Kg6 55. a5 Rh4 56. a6 h2 57.
a7 h1=Q 58. a8=Q Qxa8 59. Rxa8 Re4 60. Rg8+ Kh7 61. Rg5 Kh6 62. Rf5 Kg6 63. Rf6+ Kg5 64. Kxf7 Rxe5 65. Re6 Ra5 66. Rd6 Ra7+ 67. Ke8 Kf5 68.
Rc6 Ke5 69. Rb6 Rh7 70. Rc6 Kd5 71. Ra6 Rh8+ 72. Kf7 Rh7+ 73. Kg8 Rb7 74. Rg6 Ke5 75. Kf8 Kf5 76. Rc6 Rb8+ 77. Ke7 Ke5 78. Rc5+ Kd4 79. Ra5 Rb7+ 80. Kd6 Rb1 81. Ra4+ Kc3 82. Rh4 Rg1 83. Ke7 Rg7+ 84. Kf6 Ra7 85. Ke5 Kd3 86. Kd5 Ra5+ 87. Kd6 Rg5 88. Ke6 Ke3 89. Kf6 Ra5 90. Rb4 Kd3 91. Rh4 Ra2 92. Rg4 Rf2+ 93. Ke5 Ke3 94. Kd6 Rf6+ 95. Ke5 Rf1 96. Re4+ Kd3 97.
Rd4+ Kc3 98. Rf4 Re1+ 99. Kf5 Kd3 100. Kg4 Re8 101. Kf5 Rf8+ 102. Ke5 Rg8 103. Kd6 Ke3 104. Rb4 Kd3 105. Ra4 Kc3 106. Rh4 Kb3 107. Rf4 1/2-1/2

[Event "*** Titled Tuesday Blitz"]
[Site "Chess.com"]
[Date "2020.03.03"]
[Round "1"]
[White "PotapovaM"]
[Black "HouseOfDurin"]
[Result "1/2-1/2"]
[WhiteElo "2576"]
[BlackElo "2107"]
[TimeControl "180+1"]
[EndTime "9:11:11 PST"]
[Termination "Game drawn by 50-move rule"]

1. d4 Nf6 2. c4 c5 3. d5 b5 4. cxb5 a6 5. bxa6 Bxa6 6. Nc3 d6 7. e4 Bxf1 8. Kxf1 Nbd7 9. Nf3 g6 10. g3 Bg7 11. Kg2 O-O 12. a4 Qa5 13. Bd2 Qb4 14. Qc2 Ng4 15. b3 c4 16. Nb5 Qxb3 17. Qxb3 cxb3 18.
Rab1 Rxa4 19. Rhe1 Nc5 20. Nc3 Rc4 21. Nb5 b2 22.
Bg5 f6 23. Bf4 Rc2 24. Nbd4 Rxf2+ 25. Kg1 f5 26. h3 Bxd4 27. Nxd4 Rxf4 28. gxf4 Nf6 29.
exf5 Nxd5 30. fxg6 hxg6 31. Re2 Rxf4 32. Nc6 Nd3 33. Rd2 Rf3 34. Rc2 Re3 35. Rd2 Re1+ 36. Rxe1 Nxe1 37. Rxb2 Nf3+ 38. Kf2 Ne5 39. Nxe5 dxe5 40.
Re2 Nf6 41. Rxe5 Kf7 42. Re1 Nd5 43. Kg3 Kf6 44. Rf1+ Kg7 45. Kg4 Nf6+ 46. Kg3 Ne4+ 47. Kg2 Nf6 48. Ra1 Kf7 49. Ra6 Ne4 50. Ra7 Nd6 51.
Ra8 Nf5 52. Ra1 Ne3+ 53. Kg3 Nf5+ 54. Kf3 Nd4+ 55. Ke4 Nf5 56. Rf1 Kf6 57. Ra1 Nd6+ 58. Kf4 Nf5 59. Ra6+ Nd6 60. Rb6 Kf7 61. Ra6 Nf5 62.
Ra8 Nd6 63. Kg4 Ne8 64. h4 Nf6+ 65. Kf4 Nh7 66. Ra6 Nf6 67. Kg5 Nh7+ 68. Kh6 Nf6 69.
Ra1 Ng4+ 70. Kg5 Nf6 71. Rf1 Kg7 72. Re1 Kf7 73. Rf1 Kg7 74. Rb1 Nh7+ 75. Kf4 Nf6 76. Kg3 Kf7 77. Kh3 Nh5 78. Rc1 Nf6 79. Rb1 Nh5 80.
Rb8 Nf6 81. Kg3 Nh5+ 82. Kf3 Nf6 83. Kf4 Nh5+ 84. Kg4 Nf6+ 85. Kh3 Nh5 86. Kg2 Nf6 87. Kf2 Nh7 88. Kf3 Nf6 89. Ke2 Nd7 90. Rb1 Nf6 91. Rf1 Ke6 92. Kf3 Kf7 93. Re1 Nd5 94. Ke4 Nf6+ 95.
Ke5 Nd7+ 96. Kd5 Nf6+ 97. Kd4 Nd7 98. Rf1+ Nf6 99. Ke3 Kg7 100. Kf4 Nh5+ 101. Kg4 Nf6+ 102. Kh3 Ne4 103. Rg1 Nf6 104. Kh2 Kf7 105. Kh3 Nh5 106. Ra1 Nf6 107. Kg3 Kg7 108. Kf4 Kf7 109. Ke5 Nd7+ 110. Kf4 Nf6 111. Kg5 Nh7+ 112. Kh6 Nf6 113. Rg1 Ng8+ 114. Kh7 1/2-1/2

[Event "*** Titled Tuesday Blitz"]
[Site "Chess.com"]
[Date "2020.03.03"]
[Round "2"]
[White "Aleksey_Sorokin"]
[Black "RojonR"]
[Result "1-0"]
[WhiteElo "2864"]
[BlackElo "2387"]
[TimeControl "180+1"]
[EndTime "9:13:02 PST"]
[Termination "Aleksey_Sorokin won by resignation"]

1. d4 Nf6 2. c4 e5 3. dxe5 Ng4 4. Bf4 Bb4+ 5. Nd2 Nc6 6. Nf3 Qe7 7. e3 Ngxe5 8.
Nxe5 Nxe5 9. Be2 O-O 10. O-O d6 11. Nb3 Be6 12. a3 Nxc4 13. axb4 1-0

[Event "*** Titled Tuesday Blitz"]
[Site "Chess.com"]
[Date "2020.03.03"]
[Round "2"]
[White "saraswathii"]
[Black "FelixJoseYnojosa"]
[Result "0-1"]
[WhiteElo "2244"]
[BlackElo "2698"]
[TimeControl "180+1"]
[EndTime "9:13:57 PST"]
[Termination "FelixJoseYnojosa won by resignation"]

1. e4 c5 2. d3 Nc6 3. Nf3 Nf6 4. g3 d5 5. Nbd2 d4 6. Bg2 e5 7. O-O Be7 8. Nc4 Qc7 9. a4 O-O 10. c3 Ne8 11. cxd4 cxd4 12. Bd2 Be6 13. Rc1 f6 14. Na5 Qb6 15. Nxc6 bxc6 16. Qc2 c5 17. Nh4 Rb8 18. Rb1 Nd6 19. Rfc1 Rfc8 20. f4 Bb3 0-1

[Event "*** Titled Tuesday Blitz"]
[Site "Chess.com"]
[Date "2020.03.03"]
[Round "2"]
[White "gmcorrales"]
[Black "Philosopherrr"]
[Result "1-0"]
[WhiteElo "2781"]
[BlackElo "2381"]
[TimeControl "180+1"]
[EndTime "9:14:12 PST"]
[Termination "gmcorrales won by resignation"]

1. e4 e5 2. Nf3 Nc6 3. d4 exd4 4. Nxd4 Qf6 5. Nb5 Bc5 6. Qe2 Bb6 7. N1c3 Nge7 8.
Nd5 Nxd5 9. exd5+ Ne7 10. d6 cxd6 11. Qf3 Qxf3 12. Nxd6+ Kf8 13. gxf3 Bc5 14. Bf4 h5 15. h4 b6 16. Bc4 Ng6 17. Bg3 Bxd6 18. Bxd6+ Kg8 19.
Bd5 1-0

[Event "*** Titled Tuesday Blitz"]
[Site "Chess.com"]
[Date "2020.03.03"]
[Round "2"]
[White "obliviate12"]
[Black "bangchess21"]
[Result "1-0"]
[WhiteElo "2854"]
[BlackElo "2599"]
[TimeControl "180+1"]
[EndTime "9:14:33 PST"]
[Termination "obliviate12 won by resignation"]

1. e4 c5 2. Nf3 g6 3. d4 cxd4 4.
Nxd4 Nc6 5. c4 Nf6 6. Nc3 d6 7.
f3 Nxd4 8. Qxd4 Bg7 9. Be3 O-O 10. Qd2 a5 11. Na4 Bd7 12. Nb6 Ra6 13. c5 dxc5 14. Nxd7 Nxd7 15. Bxa6 bxa6 16. Rd1 Bd4 17. Bxd4 cxd4 18.
Qxd4 Qb8 1-0

[Event "*** Titled Tuesday Blitz"]
[Site "Chess.com"]
[Date "2020.03.03"]
[Round "2"]
[White "LarissaSteenbekkers"]
[Black "MathiasWomacka"]
[Result "0-1"]
[WhiteElo "1835"]
[BlackElo "2405"]
[TimeControl "180+1"]
[EndTime "9:14:34 PST"]
[Termination "MathiasWomacka won by resignation"]

1. e4 c5 2. Nc3 Nc6 3. Bb5 Nd4 4.
Nf3 Nxb5 5. Nxb5 d6 6. O-O Nf6 7. Re1 a6 8. Nc3 e6 9. d4 cxd4 10. Qxd4 Be7 11. b3 O-O 12. Bb2 b5 13. Rad1 Qc7 14.
e5 dxe5 15. Nxe5 Bb7 16. Qh4 Rfd8 17. Qh3 Rxd1 18. Nxd1 Bd6 19. Nxf7 Qxf7 0-1

[Event "*** Titled Tuesday Blitz"]
[Site "Chess.com"]
[Date "2020.03.03"]
[Round "2"]
[White "agus_k"]
[Black "vladislavkovalev"]
[Result "0-1"]
[WhiteElo "2628"]
[BlackElo "2883"]
[TimeControl "180+1"]
[EndTime "9:14:46 PST"]
[Termination "vladislavkovalev won by resignation"]

1. d4 Nf6 2. Nf3 g6 3. Bg5 Bg7 4. Nbd2 O-O 5. e3 d6 6. c3 b6 7. Bd3 Bb7 8. Qe2 a6 9. O-O Nc6 10. e4 e5 11. Rfd1 h6 12. d5 hxg5 13. dxc6 Bxc6 14.
Nxg5 Nh5 15. Ngf3 Nf4 16. Qe3 Bh6 17. Kh1 Kg7 18. Bf1 Nxg2 19. Qe2 Nf4 20. Qc4 Bb7 21. Qb3 f5 22. Qc2 Qf6 23. Ne1 Qh4 24. Ndf3 Qh5 25. Bg2 0-1

[Event "*** Titled Tuesday Blitz"]
[Site "Chess.com"]
[Date "2020.03.03"]
[Round "2"]
[White "Chessmatus"]
[Black "Man-Chuk"]
[Result "0-1"]
[WhiteElo "2379"]
[BlackElo "2757"]
[TimeControl "180+1"]
[EndTime "9:15:14 PST"]
[Termination "Man-Chuk won by resignation"]

1. d4 Nf6 2. c4 g6 3. Nc3 d5 4. cxd5 Nxd5 5. e4 Nxc3 6. bxc3 Bg7 7. Nf3 c5 8. Bb5+ Bd7 9. Be2 O-O 10. O-O Qa5 11.
Qb3 b6 12. Bg5 e6 13. Be3 Rd8 14. Rfd1 Ba4 15. Qb2 Bxd1 16. Rxd1 cxd4 17. cxd4 Nc6 18. Bb5 Qb4 19. Qe2 Nxd4 20. Nxd4 Bxd4 21. Bc6 Rac8 0-1

[Event "*** Titled Tuesday Blitz"]
[Site "Chess.com"]
[Date "2020.03.03"]
[Round "2"]
[White "Turkey-Champion"]
[Black "sandromareco"]
[Result "1-0"]
[WhiteElo "2482"]
[BlackElo "2908"]
[TimeControl "180+1"]
[EndTime "9:15:53 PST"]
[Termination "Turkey-Champion won by resignation"]

1. e4 e5 2. Nf3 Nc6 3. Bc4 Nf6 4. d4 exd4 5. e5 d5 6. Bb5 Ne4 7. Nxd4 Bd7 8. Bxc6 bxc6 9. O-O Bc5 10. f3 Ng5 11. f4 Ne4 12. Be3 Bb6 13. Nd2 Nxd2 14. Qxd2 O-O 15. Nb3 Qe7 16. Qc3 f6 17. Bc5 Bxc5+ 18.
Qxc5 Qf7 19. Qd4 Bf5 20. Nc5 a5 21. c3 Rab8 22. b3 fxe5 23. fxe5 Qe7 24. Rae1 g6 25. Re3 Rb5 26. b4 axb4 27. cxb4 Ra8 28. a3 Re8 29. Rxf5 Rxc5 30. bxc5 gxf5 31. Rg3+ Kf7 32. e6+ 1-0

[Event "*** Titled Tuesday Blitz"]
[Site "Chess.com"]
[Date "2020.03.03"]
[Round "2"]
[White "riconaipe"]
[Black "lelya96"]
[Result "1-0"]
[WhiteElo "2578"]
[BlackElo "2303"]
[TimeControl "180+1"]
[EndTime "9:15:57 PST"]
[Termination "riconaipe won by resignation"]

1. e4 e5 2. Nf3 Nc6 3. Bc4 Nf6 4. O-O Be7 5. d3 O-O 6. Re1 d6 7. Nbd2 h6 8. Nf1 Kh8 9. Ng3 Ng8 10. c3 f5 11.
exf5 Bxf5 12. Nxf5 Rxf5 13. d4 d5 14. Bb5 e4 15.
Bxc6 bxc6 16. Ne5 Qd6 17. Qg4 Qf6 18. f3 h5 19. Qh3 Nh6 20. g4 Rxf3 21. Nxf3 exf3 22.
Bxh6 f2+ 23. Kg2 fxe1=Q 24. Bxg7+ Kxg7 25. Rxe1 Rf8 26. Qe3 Rf7 27. gxh5 Qh4 28. Qg3+ Qg4 1-0

[Event "*** Titled Tuesday Blitz"]
[Site "Chess.com"]
[Date "2020.03.03"]
[Round "2"]
[White "ChesterF"]
[Black "HarryCun"]
[Result "1-0"]
[WhiteElo "2443"]
[BlackElo "2110"]
[TimeControl "180+1"]
[EndTime "9:16:04 PST"]
[Termination "ChesterF won by resignation"]

1. d4 Nf6 2. c4 e6 3. Nc3 Bb4 4. a3 Bxc3+ 5. bxc3 O-O 6. f3 d5 7. cxd5 exd5 8. e3 Bf5 9. Ne2 c5 10. g4 Bg6 11. h4 h6 12. Nf4 Bh7 13. g5 Ne8 14.
gxh6 gxh6 15. dxc5 Nd7 16. Qxd5 Nef6 17. Qd4 Qa5 18.
Rg1+ Kh8 19. Nd5 Qd8 20. c4 Rc8 21. Bb2 Bg6 22. Nxf6 Nxc5 23. Nd7+ f6 24. Nxf8 Qxf8 25. Rxg6 Rc6 26. Rxf6 1-0

[Event "*** Titled Tuesday Blitz"]
[Site "Chess.com"]
[Date "2020.03.03"]
[Round "2"]
[White "DamianoLew95"]
[Black "ChessWarrior7197"]
[Result "0-1"]
[WhiteElo "2603"]
[BlackElo "2864"]
[TimeControl "180+1"]
[EndTime "9:16:05 PST"]
[Termination "ChessWarrior7197 won by resignation"]

1. d4 Nf6 2. Bf4 d5 3. e3 c5 4. dxc5 e6 5. b4 b6 6. Bxb8 Rxb8 7. Bb5+ Ke7 8. c6 Qd6 9. c3 a6 10. Bd3 Qxc6 11. Nf3 g6 12. O-O Bg7 13. Qe2 Rd8 14.
Bxa6 Bxa6 15. Qxa6 Ra8 16. Qe2 Ne4 17. Nd4 Qa4 18.
Rc1 Rdc8 19. a3 Qa6 20. Qxa6 Rxa6 21. f3 Nd6 22. Nd2 Rca8 23. Nb1 Nc4 24. Nb5 Bh6 25.
f4 Nxe3 26. g3 Rc8 27. Kf2 Nc4 28. Nd2 Nxd2 0-1

[Event "*** Titled Tuesday Blitz"]
[Site "Chess.com"]
[Date "2020.03.03"]
[Round "2"]
[White "bugbug01052018"]
[Black "Aygehovit1992"]
[Result "0-1"]
[WhiteElo "2260"]
[BlackElo "2644"]
[TimeControl "180+1"]
[EndTime "9:16:14 PST"]
[Termination "Aygehovit1992 won by resignation"]

1. e4 d6 2. d4 g6 3. Nc3 Bg7 4.
Be3 c6 5. Nf3 b5 6. a4 b4 7. Ne2 Nf6 8. Ng3 O-O 9. Bd3 Ng4 10. Bd2 a5 11. h3 Nf6 12. Be3 Nbd7 13.
O-O e5 14. c3 c5 15. d5 Qe7 16. Nd2 Bb7 17. Nc4 h5 18. f4 h4 19. Nh1 bxc3 20. bxc3 exf4 21. Rxf4 Nh5 22. Rg4 Bxc3 23. Rb1 Ba6 24. Bg5 Bf6 25. Bh6 Rfb8 26. Nf2 Bxc4 27. Bxc4 Ne5 28. Bb5 Nxg4 29. hxg4 Ng3 30. Qe1 Bd4 31.
Rb2 Bxb2 0-1

[Event "*** Titled Tuesday Blitz"]
[Site "Chess.com"]
[Date "2020.03.03"]
[Round "2"]
[White "Dixit_Nikhil"]
[Black "TwentyHourADay"]
[Result "0-1"]
[WhiteElo "2533"]
[BlackElo "2303"]
[TimeControl "180+1"]
[EndTime "9:16:19 PST"]
[Termination "TwentyHourADay won by resignation"]

1. e4 g6 2. d4 Bg7 3. Nc3 d6 4. Nf3 a6 5. Be2 Nd7 6. O-O b6 7. d5 Ngf6 8. Nd4 O-O 9. Nc6 Qe8 10. a4 e5 11. a5 b5 12. Bxb5 Nh5 13. Be2 Nf4 14.
Bxf4 exf4 15. f3 g5 16. Na4 f5 17. Bd3 fxe4 18. Bxe4 Nf6 19. Re1 Qh5 20. c4 Bd7 21. Ne7+ Kh8 22. Nc3 Rae8 23. Nc6 g4 24. Qd3 Qh4 25. Re2 Bxc6 26. dxc6 Re5 27. Rae1 Rh5 28. h3 gxh3 29. g4 fxg3 30. Nd5 Nxd5 31. Bxd5 Bd4+ 32. Re3 g2 33. f4 Qxe1+ 0-1